[ PARTIDA AOE2 · #505939326 ]
UnrankedMongoles vs Wu
Equipo del jugador · DERR
Equipo rival · VICT
[ ANÁLISIS DE REPETICIÓN · EXTRAÍDO DE LA PARTIDA GRABADA ]
Feudal
8:32
Castillos
20:49
Imperial
40:21
| APM promedio | 43.6 |
| APM pico | 87 |
| eAPM promedio | 23.2 |
| Aldeanos / militares | 105 / 102 |
Foco
⚔️ 28.3% · 🌾 71.7%
Skirmisher ×64 · Knight ×31 · Scout Cavalry ×3 · Mangonel ×2 · Trebuchet (Packed) ×2
Feudal
12:38
Castillos
16:31
Imperial
40:33
| APM promedio | 48.9 |
| APM pico | 85 |
| eAPM promedio | 25.8 |
| Aldeanos / militares | 171 / 114 |
Foco
⚔️ 31.9% · 🌾 68.1%
Archer ×87 · Unknown (1942) ×9 · Monk ×8 · Mangonel ×8 · Militia ×6 · Battering Ram ×4
Mapa de la partida
Recursos iniciales + cada clic de construcción. Líneas = muros · curvas = relieve. ◆ oro · ⬟ piedra · ● bayas · ✦ reliquia · ◌ hueco del cierre
Tu base· ✓ Cerrada en 20:49 · 52t muro · sin puerta
Base de puiu· Abierta — hueco de 1t
Terreno inicial suavizado · ◌ = hueco del cierre detectado · pasá el cursor para detalles
Inputs por minuto
— Angelvk2003 - - puiu
Build order — Angelvk2003
Primeras 150 de 355 acciones detectadas
| 0:00 | Encolar | Villager (Male) |
| 0:00 | Encolar | Villager (Male) |
| 0:02 | Construir | House |
| 0:04 | Construir | House |
| 0:12 | Encolar | Villager (Male) |
| 0:12 | Encolar | Villager (Male) |
| 1:27 | Encolar | Villager (Male) |
| 1:28 | Encolar | Villager (Male) |
| 1:59 | Encolar | Villager (Male) |
| 2:00 | Encolar | Villager (Male) |
| 2:14 | Construir | Lumber Camp |
| 2:26 | Encolar | Villager (Male) |
| 2:53 | Encolar | Villager (Male) |
| 3:18 | Encolar | Villager (Male) |
| 3:42 | Encolar | Villager (Male) |
| 4:09 | Encolar | Villager (Male) |
| 4:19 | Construir | House |
| 4:28 | Encolar | Villager (Male) |
| 4:56 | Construir | Mill |
| 4:59 | Encolar | Villager (Male) |
| 5:15 | Encolar | Villager (Male) |
| 5:49 | Investigar | Loom |
| 6:22 | Investigar | Feudal Age |
| 6:22 | Investigar | Feudal Age |
| 7:19 | Construir | Barracks |
| 7:23 | Encolar | Villager (Male) |
| 8:22 | Construir | Barracks |
| 8:28 | Construir | Palisade Wall |
| 8:30 | Construir | Palisade Wall |
| 8:32 | Edad | Edad Feudal |
| 8:32 | Construir | Palisade Wall |
| 8:54 | Encolar | Villager (Male) |
| 8:59 | Construir | Stable |
| 9:33 | Encolar | Villager (Male) |
| 9:40 | Construir | House |
| 9:43 | Encolar | Scout Cavalry |
| 9:43 | Encolar | Scout Cavalry |
| 9:43 | Encolar | Scout Cavalry |
| 9:47 | Investigar | Town Watch |
| 10:11 | Construir | Farm |
| 10:12 | Construir | Farm |
| 10:15 | Construir | Farm |
| 10:17 | Construir | Farm |
| 10:19 | Encolar | Villager (Male) |
| 10:32 | Construir | Farm |
| 10:45 | Encolar | Villager (Male) |
| 10:54 | Construir | Farm |
| 10:56 | Investigar | Double-Bit Axe |
| 11:13 | Encolar | Villager (Male) |
| 11:18 | Construir | Farm |
| 11:26 | Encolar | Villager (Male) |
| 11:48 | Construir | House |
| 11:49 | Construir | House |
| 12:08 | Encolar | Villager (Male) |
| 12:12 | Construir | Farm |
| 12:12 | Construir | Farm |
| 12:13 | Construir | Farm |
| 12:23 | Construir | Palisade Wall |
| 12:33 | Construir | House |
| 12:34 | Construir | Palisade Wall |
| 12:35 | Construir | Palisade Wall |
| 12:38 | Encolar | Villager (Male) |
| 13:07 | Construir | Farm |
| 13:09 | Construir | Farm |
| 13:12 | Construir | Farm |
| 13:24 | Encolar | Villager (Male) |
| 13:33 | Investigar | Horse Collar |
| 13:51 | Construir | Stone Wall |
| 14:01 | Construir | Stone Wall |
| 14:06 | Construir | House |
| 14:07 | Construir | Mill |
| 14:08 | Encolar | Villager (Male) |
| 14:31 | Encolar | Villager (Male) |
| 14:48 | Construir | Farm |
| 14:48 | Construir | Farm |
| 14:49 | Construir | Farm |
| 14:51 | Encolar | Villager (Male) |
| 15:10 | Encolar | Villager (Male) |
| 15:14 | Construir | Mining Camp |
| 15:19 | Construir | Palisade Wall |
| 15:23 | Encolar | Villager (Male) |
| 15:34 | Construir | House |
| 15:41 | Construir | House |
| 15:42 | Construir | House |
| 15:46 | Encolar | Villager (Male) |
| 16:38 | Encolar | Villager (Male) |
| 16:44 | Construir | Blacksmith |
| 16:52 | Construir | Stone Wall |
| 16:55 | Construir | Stone Wall |
| 16:55 | Construir | Stone Wall |
| 16:57 | Construir | Stone Wall |
| 17:01 | Encolar | Villager (Male) |
| 17:28 | Encolar | Villager (Male) |
| 17:37 | Construir | Stone Wall |
| 17:39 | Construir | Stone Wall |
| 17:39 | Construir | Stone Wall |
| 17:40 | Construir | Stone Wall |
| 17:51 | Construir | Stone Wall |
| 18:09 | Investigar | Castle Age |
| 18:09 | Investigar | Castle Age |
| 18:51 | Construir | House |
| 18:53 | Construir | House |
| 19:14 | Construir | Stable |
| 19:21 | Investigar | Scale Barding Armor |
| 19:21 | Investigar | Forging |
| 19:29 | Construir | Farm |
| 19:30 | Investigar | Gold Mining |
| 19:45 | Investigar | Bloodlines |
| 20:35 | Construir | Farm |
| 20:40 | Encolar | Villager (Male) |
| 20:49 | Edad | Edad de los Castillos |
| 20:50 | Encolar | Knight |
| 20:50 | Encolar | Knight |
| 21:00 | Investigar | Chain Barding Armor |
| 21:14 | Construir | House |
| 21:17 | Construir | House |
| 21:23 | Encolar | Knight |
| 21:28 | Encolar | Knight |
| 21:45 | Construir | House |
| 21:49 | Encolar | Knight |
| 21:50 | Encolar | Knight |
| 21:50 | Encolar | Knight |
| 21:51 | Encolar | Knight |
| 22:20 | Encolar | Villager (Male) |
| 22:21 | Encolar | Knight |
| 22:22 | Encolar | Knight |
| 22:34 | Encolar | Villager (Male) |
| 22:46 | Encolar | Knight |
| 22:46 | Encolar | Knight |
| 22:57 | Encolar | Knight |
| 22:57 | Encolar | Knight |
| 23:13 | Encolar | Villager (Male) |
| 23:25 | Encolar | Villager (Male) |
| 23:32 | Encolar | Villager (Male) |
| 23:42 | Encolar | Villager (Male) |
| 23:47 | Encolar | Knight |
| 23:55 | Construir | Siege Workshop |
| 24:06 | Encolar | Villager (Male) |
| 24:14 | Construir | Market |
| 24:21 | Encolar | Villager (Male) |
| 24:35 | Investigar | Bow Saw |
| 24:36 | Investigar | Bow Saw |
| 24:41 | Construir | Stone Wall |
| 24:47 | Construir | Gate |
| 24:52 | Construir | Farm |
| 24:52 | Construir | Farm |
| 25:00 | Encolar | Villager (Male) |
| 25:27 | Encolar | Villager (Male) |
| 25:31 | Construir | Town Center |
| 25:34 | Encolar | Knight ×2 |
Build order — puiu
Primeras 150 de 519 acciones detectadas
| 0:01 | Encolar | Villager (Male) |
| 0:01 | Encolar | Villager (Male) |
| 0:01 | Encolar | Villager (Male) |
| 0:02 | Construir | House |
| 0:04 | Construir | House |
| 0:25 | Encolar | Villager (Male) |
| 0:25 | Encolar | Villager (Male) |
| 1:35 | Encolar | Villager (Male) |
| 1:35 | Encolar | Villager (Male) |
| 1:54 | Encolar | Villager (Male) |
| 1:55 | Encolar | Villager (Male) |
| 1:57 | Construir | Lumber Camp |
| 2:17 | Encolar | Villager (Male) |
| 2:17 | Encolar | Villager (Male) |
| 2:44 | Encolar | Villager (Male) |
| 2:44 | Encolar | Villager (Male) |
| 3:02 | Encolar | Villager (Male) |
| 3:02 | Encolar | Villager (Male) |
| 3:13 | Construir | House |
| 3:39 | Encolar | Villager (Male) |
| 3:39 | Encolar | Villager (Male) |
| 3:43 | Encolar | Villager (Male) |
| 4:29 | Encolar | Villager (Male) |
| 4:30 | Encolar | Villager (Male) |
| 4:45 | Construir | Barracks |
| 5:04 | Encolar | Villager (Male) |
| 5:05 | Encolar | Villager (Male) |
| 5:05 | Encolar | Villager (Male) |
| 5:27 | Construir | House |
| 5:30 | Construir | Palisade Wall |
| 5:44 | Encolar | Villager (Male) |
| 5:44 | Encolar | Villager (Male) |
| 5:47 | Encolar | Militia |
| 5:47 | Encolar | Militia |
| 5:51 | Construir | House |
| 5:56 | Encolar | Militia |
| 5:57 | Encolar | Militia |
| 5:57 | Encolar | Militia |
| 6:23 | Encolar | Militia |
| 6:34 | Investigar | Loom |
| 6:36 | Construir | Mill |
| 6:56 | Encolar | Villager (Male) |
| 6:56 | Encolar | Villager (Male) |
| 6:59 | Construir | Palisade Wall |
| 7:37 | Encolar | Villager (Male) |
| 7:38 | Encolar | Villager (Male) |
| 8:12 | Encolar | Villager (Male) |
| 8:12 | Encolar | Villager (Male) |
| 8:54 | Construir | Mill |
| 9:14 | Construir | House |
| 9:17 | Construir | Mining Camp |
| 9:38 | Encolar | Villager (Male) |
| 9:38 | Encolar | Villager (Male) |
| 9:40 | Construir | House |
| 9:42 | Construir | Palisade Wall |
| 10:12 | Construir | Palisade Wall |
| 10:19 | Construir | Farm |
| 10:26 | Investigar | Feudal Age |
| 10:26 | Investigar | Feudal Age |
| 10:33 | Construir | Farm |
| 10:53 | Construir | Palisade Gate |
| 11:14 | Construir | House |
| 11:16 | Construir | Palisade Wall |
| 11:17 | Construir | Palisade Wall |
| 12:38 | Edad | Edad Feudal |
| 12:44 | Construir | Blacksmith |
| 12:53 | Encolar | Villager (Male) |
| 12:54 | Encolar | Villager (Male) |
| 13:06 | Construir | Archery Range |
| 13:36 | Construir | Farm |
| 13:51 | Investigar | Castle Age |
| 13:52 | Investigar | Castle Age |
| 14:03 | Construir | Farm |
| 14:12 | Encolar | Villager (Male) |
| 14:12 | Encolar | Villager (Male) |
| 14:14 | Encolar | Archer |
| 14:28 | Investigar | Double-Bit Axe |
| 14:42 | Encolar | Archer |
| 14:51 | Investigar | Fletching |
| 14:57 | Encolar | Archer |
| 15:07 | Construir | Farm |
| 15:18 | Construir | Lumber Camp |
| 15:24 | Encolar | Villager (Male) |
| 15:30 | Encolar | Archer |
| 15:43 | Encolar | Archer |
| 15:43 | Encolar | Archer |
| 15:47 | Encolar | Spearman |
| 15:56 | Construir | Farm |
| 16:08 | Encolar | Archer |
| 16:08 | Encolar | Archer |
| 16:27 | Encolar | Archer |
| 16:27 | Encolar | Archer |
| 16:31 | Edad | Edad de los Castillos |
| 16:46 | Investigar | Bodkin Arrow |
| 16:47 | Investigar | Bodkin Arrow |
| 16:53 | Construir | Farm |
| 16:57 | Construir | House |
| 17:19 | Encolar | Villager (Male) |
| 17:19 | Encolar | Villager (Male) |
| 17:32 | Construir | Town Center |
| 17:56 | Encolar | Villager (Male) |
| 17:56 | Encolar | Villager (Male) |
| 18:21 | Encolar | Villager (Male) |
| 18:21 | Encolar | Villager (Male) |
| 18:28 | Construir | Market |
| 18:45 | Construir | Farm |
| 18:52 | Encolar | Villager (Male) |
| 19:08 | Encolar | Villager (Male) |
| 19:08 | Encolar | Villager (Male) |
| 19:31 | Encolar | Villager (Male) |
| 19:31 | Encolar | Villager (Male) |
| 19:32 | Encolar | Archer |
| 19:32 | Encolar | Archer |
| 19:32 | Encolar | Archer |
| 19:39 | Investigar | Crossbowman (upgrade) |
| 19:39 | Investigar | Crossbowman (upgrade) |
| 19:57 | Construir | Farm |
| 19:58 | Encolar | Villager (Male) |
| 19:59 | Encolar | Villager (Male) |
| 20:10 | Construir | Siege Workshop |
| 20:14 | Construir | Monastery |
| 20:22 | Encolar | Archer |
| 20:22 | Encolar | Archer |
| 20:25 | Construir | Archery Range |
| 20:40 | Encolar | Villager (Male) |
| 20:40 | Encolar | Villager (Male) |
| 20:47 | Encolar | Villager (Male) |
| 20:47 | Encolar | Villager (Male) |
| 20:48 | Encolar | Archer |
| 20:48 | Encolar | Archer |
| 21:01 | Encolar | Mangonel |
| 21:16 | Encolar | Monk |
| 21:17 | Encolar | Villager (Male) |
| 21:17 | Encolar | Villager (Male) |
| 21:19 | Construir | House |
| 21:21 | Construir | House |
| 21:29 | Encolar | Villager (Male) |
| 21:29 | Encolar | Villager (Male) |
| 21:34 | Construir | House |
| 21:37 | Construir | House |
| 21:37 | Construir | House |
| 21:38 | Construir | House |
| 21:38 | Construir | House |
| 21:49 | Encolar | Villager (Male) |
| 21:49 | Encolar | Villager (Male) |
| 21:52 | Construir | Farm |
| 21:52 | Construir | Farm |
| 21:52 | Construir | Farm |
| 21:53 | Construir | Farm |
| 21:53 | Construir | Farm |
Cronología de la partida
| 4:45 | puiu · first_building Barracks |
| 5:30 | puiu · wall_segment Palisade Wall x8 |
| 6:59 | puiu · wall_segment Palisade Wall x10 |
| 7:19 | Angelvk2003 · first_building Barracks |
| 8:28 | Angelvk2003 · wall_segment Palisade Wall x1 |
| 8:30 | Angelvk2003 · wall_segment Palisade Wall x1 |
| 8:32 | Angelvk2003 · age_up feudal |
| 8:32 | Angelvk2003 · wall_segment Palisade Wall x1 |
| 8:59 | Angelvk2003 · first_building Stable |
| 9:42 | puiu · wall_segment Palisade Wall x13 |
| 10:12 | puiu · wall_segment Palisade Wall x3 |
| 11:16 | puiu · wall_segment Palisade Wall x6 |
| 11:17 | puiu · wall_segment Palisade Wall x1 |
| 12:23 | Angelvk2003 · wall_segment Palisade Wall x1 |
| 12:34 | Angelvk2003 · wall_segment Palisade Wall x11 |
| 12:35 | Angelvk2003 · wall_segment Palisade Wall x5 |
| 12:38 | puiu · age_up feudal |
| 13:06 | puiu · first_building Archery Range |
| 13:51 | Angelvk2003 · wall_segment Stone Wall x4 |
| 14:01 | Angelvk2003 · wall_segment Stone Wall x10 |
| 15:19 | Angelvk2003 · wall_segment Palisade Wall x1 |
| 16:31 | puiu · age_up castle |
| 16:52 | Angelvk2003 · wall_segment Stone Wall x5 |
| 16:55 | Angelvk2003 · wall_segment Stone Wall x1 |
| 16:55 | Angelvk2003 · wall_segment Stone Wall x1 |
| 16:57 | Angelvk2003 · wall_segment Stone Wall x6 |
| 17:37 | Angelvk2003 · wall_segment Stone Wall x1 |
| 17:39 | Angelvk2003 · wall_segment Stone Wall x1 |
| 17:39 | Angelvk2003 · wall_segment Stone Wall x1 |
| 17:40 | Angelvk2003 · wall_segment Stone Wall x1 |
| 17:51 | Angelvk2003 · wall_segment Stone Wall x1 |
| 19:34 | puiu · first_market_buy 100 food |
| 20:10 | puiu · first_building Siege Workshop |
| 20:14 | puiu · first_building Monastery |
| 20:49 | Angelvk2003 · age_up castle |
| 23:55 | Angelvk2003 · first_building Siege Workshop |
| 24:41 | Angelvk2003 · wall_segment Stone Wall x1 |
| 24:51 | puiu · wall_segment Palisade Wall x1 |
| 24:57 | Angelvk2003 · first_market_buy 100 stone |
| 27:49 | puiu · first_building Castle |
| 30:48 | Angelvk2003 · first_building Archery Range |
| 36:32 | Angelvk2003 · first_market_sell 100 stone |
| 36:42 | Angelvk2003 · first_building Monastery |
| 38:20 | puiu · wall_segment Stone Wall x3 |
| 38:44 | Angelvk2003 · first_building Castle |
| 40:21 | Angelvk2003 · age_up imperial |
| 40:33 | puiu · age_up imperial |
| 40:39 | puiu · first_market_sell 100 food |
| 44:03 | Angelvk2003 · resign |
[ ANÁLISIS IA · 1 CRÉDITO ]
¿Qué pasó realmente en esta partida?
Wolo.gg analiza cada decisión: build order, eco, micro, errores típicos por bracket. Análisis personalizado por WhatsApp o Discord en 30 segundos.
Guía civ
Mongoles
Perfil
Jugador #13405864